 Dungeon Crawl Stone Soup version 0.31-a0-188-g5e087ee2ca (webtiles) character file.

Game seed: 10225678451785344284

140 qw the Skirmisher (level 5, -2/29 HPs)
             Began as a Deep Elf Hunter on June 23, 2023.
             Slain by a cerulean imp
             ... wielding a +2 spear
             ... summoned by Natasha
              (4 damage)
             ... on level 2 of the Dungeon.
             The game lasted 00:00:36 (1418 turns).

qw the Skirmisher (Deep Elf Hunter)                 Turns: 1418, Time: 00:00:36

Health: -2/29      AC:  8    Str: 10    XL:     5   Next: 2%
Magic:  7/7        EV: 16    Int: 14    God:
Gold:   78         SH:  0    Dex: 18    Spells: 4/4 levels left

rFire   . . .        Y - +0 shortbow (flame)
rCold   . . .        (shield currently unavailable)
rNeg    . . .        d - +0 ring mail
rPois   .            (no helmet)
rElec   .            a - +2 cloak
rCorr   .            (no gloves)
SInv    .            (no boots)
Will    .....        (no amulet)
Stlth   +            g - +5 ring of evasion
HPRegen 0.24/turn    (no ring)
MPRegen 0.10/turn

%: no passive effects
@: about to teleport, slowed, very slow
A: no striking features
a: no special abilities


You were on level 2 of the Dungeon.
You visited 1 branch of the dungeon, and saw 2 of its levels.

You collected 78 gold pieces.


   Skills:
 - Level 1.5 Fighting
 + Level 8.4 Ranged Weapons
 - Level 2.4 Dodging
 - Level 1.2 Stealth


You had 4 spell levels left.
You didn't know any spells.
Your spell library was empty.

Inventory:

Hand Weapons
 Y - a +0 shortbow of flaming (weapon)
Armour
 a - a +2 cloak (worn)
 d - a +0 ring mail (worn)
Jewellery
 g - a +5 ring of evasion (left hand)
Scrolls
 c - 2 scrolls of identify
 f - a scroll of teleportation
 i - 3 scrolls of fog {unknown}
Potions
 e - a potion of brilliance {unknown}
 h - a potion of haste {unknown}
 k - a potion of heal wounds {unknown}

Dungeon Overview and Level Annotations

Branches:
Dungeon (2/15)

Altars:

Shops:
D:1 :

Annotations:
D:2 Natasha


Message History

The arrow closely misses the cerulean imp.
The cerulean imp hits you from afar with a +1 spear.
Natasha claws you. The cerulean imp barely misses you.
Natasha stares at you and mumbles some strange words.
The magic dart hits you but does no damage.
You shoot an arrow. The arrow barely misses Natasha.
The arrow misses the cerulean imp.
The cerulean imp hits you but does no damage.
Natasha misses you. The cerulean imp barely misses you.
You shoot an arrow. The arrow barely misses Natasha.
The arrow hits the cerulean imp.
The arrow burns the cerulean imp.
The cerulean imp is lightly wounded.
Natasha claws you but does no damage. The cerulean imp closely misses you.
Natasha barely misses you.
You shoot an arrow.
The arrow hits Natasha but does no damage.
Natasha is almost dead.
The cerulean imp hits you but does no damage.
Natasha misses you. The cerulean imp closely misses you.
You shoot an arrow. The arrow completely misses Natasha.
The arrow hits the cerulean imp!
The arrow burns the cerulean imp.
The cerulean imp is severely wounded.
The cerulean imp disappears in a puff of smoke!
Natasha closely misses you. Natasha claws you but does no damage.
You shoot an arrow. The arrow barely misses Natasha.
Natasha barely misses you.
Natasha hisses.
Natasha casts a spell.
You shoot an arrow. The arrow closely misses Natasha.
Natasha casts a spell at you. The magic dart hits you.
The cerulean imp hits you with a +2 spear.
Natasha casts a spell.
1418 ||| READING 2 scrolls of teleportation.
As you read the scroll of teleportation, it crumbles to dust.
You feel strangely unstable. The cerulean imp closely misses you.
Natasha barely misses you.
The cerulean imp hits you from afar with a +0 spear.
The cerulean imp hits you with a +2 spear.
You die...

###############
###############
###############
#######5#######
#######@%.....#
#######h#####.#
#######5#####.#
#######.#####.#
#######.#####.### #
#######.#.......########
#
#######.#.....#.#.......
#
#######.......#.#.######
## #.........#.#.#....#


You could see Natasha and 2 cerulean imps.

Vanquished Creatures
  Natasha (D:2)
  An iguana (D:2)
  4 adders (D:2)
  A dart slug (D:2)
  6 ball pythons (D:2)
  5 bats
  2 endoplasms (D:1)
  3 giant cockroaches
  7 goblins
  3 hobgoblins
  7 jackals
  A frilled lizard (D:1)
  4 kobolds
  6 rats
51 creatures vanquished.

Notes
Turn   | Place    | Note
-------+----------+-------------------------------------------
     0 | D:1      | qw the Deep Elf Hunter began the quest for the Orb.
     0 | D:1      | Reached XP level 1. HP: 12/12 MP: 3/3
     0 | D:1      | 0 ||| qw: Version: 0.3-a-9-g12657ce
     0 | D:1      | 0 ||| qw: Game counter: 4114
     0 | D:1      | 0 ||| qw: Always use a shield: true
     0 | D:1      | 0 ||| qw: God list: Okawaru
     0 | D:1      | 0 ||| qw: Allow faded altars: false
     0 | D:1      | 0 ||| qw: Do Orc after D:15 true
     0 | D:1      | 0 ||| qw: Do second Lair branch before Depths: true
     0 | D:1      | 0 ||| qw: Lair rune preference: random
     0 | D:1      | 0 ||| qw: Plans: Normal
     0 | D:1      | 0 ||| PLANNING D:1-11
   112 | D:1      | Reached XP level 2. HP: 16/16 MP: 4/4
   159 | D:1      | Reached skill level 6 in Ranged Weapons
   217 | D:1      | Found Juid's Vocational Training.
   458 | D:1      | 458 ||| UPGRADING to +0 ring mail.
   468 | D:1      | 468 ||| DROPPING +0 leather armour.
   469 | D:1      | 469 ||| DROPPING ring of flight.
   470 | D:1      | 470 ||| READING scroll labelled RUEHUIJAAPH.
   471 | D:1      | 471 ||| READING 3 scrolls labelled HEIMAA TUVUNO.
   476 | D:1      | 476 ||| READING scroll labelled DOENY HYQY.
   477 | D:1      | 477 ||| READING scroll labelled OCOT AKLAEW.
   478 | D:1      | 478 ||| DROPPING scroll of butterflies.
   545 | D:2      | Reached XP level 3. HP: 20/20 MP: 5/5
   621 | D:2      | 621 ||| UPGRADING to +2 cloak.
   633 | D:2      | 633 ||| STAIRDANCE
   658 | D:2      | Reached skill level 7 in Ranged Weapons
   831 | D:2      | Reached XP level 4. HP: 13/25 MP: 6/6
  1084 | D:2      | Found a faded altar of an unknown god.
  1087 | D:2      | Reached skill level 8 in Ranged Weapons
  1392 | D:2      | Noticed Natasha
  1393 | D:2      | 1393 ||| Stepping ~*~*~tactically~*~*~ (outnumbered).
  1396 | D:2      | Killed Natasha
  1397 | D:2      | Reached XP level 5. HP: 29/29 MP: 7/7
  1398 | D:2      | 1398 ||| UPGRADING to +5 ring of evasion.
  1399 | D:2      | 1399 ||| READING scroll labelled ROIMOG KESYNNE.
  1399 | D:2      | Noticed Natasha
  1417 | D:2      | HP: 6/29 [cerulean imp/+2 spear[Natasha] (4)]
  1418 | D:2      | 1418 ||| READING 2 scrolls of teleportation.
  1418 | D:2      | HP: 2/29 [cerulean imp/+0 spear[Natasha] (5)]
  1418 | D:2      | Slain by a cerulean imp

Levels and vault maps discovered:
D:1:      elethiomel_arrival_shortcut, layout_rooms, nicolae_shop_vocational
D:2:      minmay_diamond_boxcup, layout_basic,
          nicolae_ecumenical_snake_handling, uniq_natasha

Skill      XL: |  1  2  3  4 |
---------------+-------------+-----
Ranged Weapons | 6 7 8 |  8.4
Fighting       | |  1.5
Dodging        | |  2.4
Stealth        | |  1.2

Action                     |  1- 3 |  4- 6 || total
---------------------------+-------+-------++-------
   Fire: Shortbow          |    85 |    49 ||   134
    Use: Scroll            |     4 |     2 ||     6
 Armour: Ring mail         |    12 |    11 ||    23
  Dodge: Dodged            |    27 |    22 ||    49

Table legend:
 A = Non-vault XP
 B = Vault XP
 C = Vault XP percentage of total XP
 D = Non-vault monster count
 E = Vault monster count
 F = Vault count percentage of total count
                 A         B        C        D         E       F
            +---------+---------+-------+---------+---------+-------
      Total |     114 |      87 |  43.3 |      38 |      13 |  25.5
            +---------+---------+-------+---------+---------+-------
        D:1 |      33 |       0 |   0.0 |      20 |       0 |   0.0
        D:2 |      81 |      87 |  51.8 |      18 |      13 |  41.9
            +---------+---------+-------+---------+---------+-------
